 Dungeon Crawl Stone Soup version 0.23.2-1-ga50397a (webtiles) character file.

Game seed: 16641443628375642184

1206 MalarOregon the Chiller (level 8, -1/52 HPs)
             Began as a Merfolk Ice Elementalist on May 25, 2019.
             Was a Follower of Kikubaaqudgha.
             Shot with an arrow by a centaur (13 damage)
             ... on level 6 of the Dungeon.
             The game lasted 00:18:59 (5700 turns).

MalarOregon the Chiller (Merfolk Ice Elementalist)  Turns: 5700, Time: 00:19:00

Health: -1/52      AC: 10    Str:  8    XL:     8   Next: 45%
Magic:  7/15       EV: 13    Int: 16    God:    Kikubaaqudgha [*.....]
Gold:   151        SH:  0    Dex: 15    Spells: 5/17 levels left

rFire    + . .     SeeInvis .   l - +2 dagger (pain)
rCold    + . .     Gourm    .   (no shield)
rNeg     + . .     Faith    .   n - +1 robe {rC+ rF+}
rPois    .         Spirit   .   v - +1 helmet "Ecidoma" {rN+ rCorr Stlth+}
rElec    .         Reflect  .   k - +2 cloak
rCorr    +         Harm     .   f - +0 pair of gloves
MR       .....                  s - +0 pair of boots
Stlth    +++.......             i - amulet of regeneration
HPRegen  0.57/turn              m - ring of resist corrosion
MPRegen  0.14/turn              y - ring of flight

@: no status effects
A: change form in water, swift swim, stealthy swim
a: Receive Corpses, Renounce Religion, Evoke Flight


You were on level 6 of the Dungeon.
You worshipped Kikubaaqudgha.
Kikubaaqudgha was aware of your devotion.
You were very hungry.

You visited 1 branch of the dungeon, and saw 6 of its levels.

You collected 151 gold pieces.

Inventory:

Hand Weapons
 c - a +0 dagger of holy wrath
   (You took it off an orc wizard on level 3 of the Dungeon)
 l - a +2 dagger of pain (weapon)
   (You took it off Jessica on level 3 of the Dungeon)
Armour
 f - a +0 pair of gloves (worn)
   (You found it on level 6 of the Dungeon)
 k - a +2 cloak (worn)
   (You found it on level 1 of the Dungeon)
 n - a +1 robe of resistance (worn)
   (You took it off an orc wizard on level 3 of the Dungeon)
 s - a +0 pair of boots (worn)
   (You found it on level 4 of the Dungeon)
 v - the +1 helmet "Ecidoma" (worn) {rN+ rCorr Stlth+}
   (You took it off Robin on level 4 of the Dungeon)

   It protects you from negative energy.
   It provides partial protection from all sources of acid and corrosion.
   It makes you more stealthy.
 x - a +0 buckler
   (You found it on level 5 of the Dungeon)
Jewellery
 i - an amulet of regeneration (around neck)
   (You found it on level 1 of the Dungeon)
 m - a ring of resist corrosion (left hand)
   (You found it on level 1 of the Dungeon)
 y - a ring of flight (right hand)
   (You found it on level 5 of the Dungeon)
Wands
 o - a wand of clouds (6)
   (You found it on level 4 of the Dungeon)
 t - a wand of flame (21)
   (You found it on level 2 of the Dungeon)
 u - a wand of paralysis (19)
   (You took it off a goblin on level 4 of the Dungeon)
Scrolls
 a - a scroll of remove curse {@r2}
 g - 3 scrolls of identify {@r1}
 q - 3 scrolls of teleportation {@r4}
Potions
 b - a potion of heal wounds {@q2}
 d - 3 potions of resistance
 h - 4 potions of haste {@q3}
 j - a potion of lignification {!q}
 p - 4 potions of curing {@q1}
 r - 4 potions of flight
 w - a potion of mutation {!q}
Comestibles
 e - 10 rations {!d}


   Skills:
 - Level 3.1 Dodging
 - Level 3.0 Stealth
 + Level 0.6 Shields
 + Level 5.3 Spellcasting
 + Level 3.8 Conjurations
 + Level 3.2 Necromancy
 - Level 6.0 Ice Magic


You had 5 spell levels left.
You knew the following spells:

 Your Spells              Type           Power        Failure   Level  Hunger
a - Freeze                Ice            ###.         1%          1    None
b - Pain                  Necr           ##..         3%          1    None
c - Throw Icicle          Conj/Ice       ###.....     19%         4    ####...
d - Summon Ice Beast      Ice/Summ       ##......     38%         4    ####...
x - Throw Frost           Conj/Ice       ###...       3%          2    #......

Your spell library contained the following spells:

 Spells                   Type           Power        Failure   Level  Hunger
 Corpse Rot               Necr           N/A          6%          2    #......
 Sublimation of Blood     Necr           ##........   6%          2    #......
 Shock                    Conj/Air       ##..         7%          1    None
 Vampiric Draining        Necr           ##........   12%         3    ###....
 Ozocubu's Armour         Chrm/Ice       ##......     13%         3    ###....
 Static Discharge         Conj/Air       ##......     21%         3    ###....
 Swiftness                Chrm/Air       #.......     22%         2    #......
 Airstrike                Air            #.........   83%         4    ####...
 Lightning Bolt           Conj/Air       ##........   88%         5    ######.


Dungeon Overview and Level Annotations

Branches:
Dungeon (6/15)
 Temple: D:4-7

Altars:
Elyvilon
Kikubaaqudgha
Qazlal
The Shining One

Annotations:
D:6 2 transporters


Message History

Blork the orc gestures at you while chanting.
The magic dart hits you.
Aim: Blork the orc, wielding a +0 dire flail and wearing a +0 robe (heavily wounded)
The puff of frost hits Blork the orc.
Blork the orc gestures at you while chanting.
The puff of frost hits you but does no damage.
You resist.
Aim: Blork the orc, wielding a +0 dire flail and wearing a +0 robe (severely wounded)
The puff of frost hits Blork the orc.
Aim: Blork the orc, wielding a +0 dire flail and wearing a +0 robe (severely wounded)
The puff of frost hits Blork the orc.
Aim: Blork the orc, wielding a +0 dire flail and wearing a +0 robe (almost dead)
The puff of frost hits Blork the orc.
Aim: Blork the orc, wielding a +0 dire flail and wearing a +0 robe (almost dead)
The puff of frost hits Blork the orc!
You kill Blork the orc!
Kikubaaqudgha accepts your kill.
Things that are here:
a +0 dire flail; a +0 robe There isn't anything to butcher here.
You start resting.
Unknown command.
You start resting.
You are feeling very hungry.
You start resting.
A centaur comes into view.
You can't see any susceptible monsters within range! (Use Z to cast anyway.)
The centaur shouts!
The centaur wields a +0 shortbow.
The centaur shoots an arrow.
The arrow hits you.
You can't see any susceptible monsters within range! (Use Z to cast anyway.)
A centaur is nearby!
Aim: a centaur, wielding a +0 shortbow The puff of frost hits the centaur.
The centaur shoots an arrow.
The arrow hits you!
Aim: a centaur, wielding a +0 shortbow (lightly wounded)
The puff of frost hits the centaur.
The centaur shoots an arrow.
The arrow hits you!
* * * LOW HITPOINT WARNING * * *
The centaur shoots an arrow.
The arrow hits you!
* * * LOW HITPOINT WARNING * * *
The centaur shoots an arrow.
The arrow hits you.
* * * LOW HITPOINT WARNING * * *
You see here 3 arrows.
The centaur shoots an arrow.
The arrow hits you.
* * * LOW HITPOINT WARNING * * *
You see here an arrow.
The centaur shoots an arrow.
The arrow hits you!
You die...
Kikubaaqudgha rasps: "You have failed me!
Welcome... death!"

._$$8##.# !$)(..#.#
###### ....#.#.#
#....# ...#..#.#
#....# .....©#.#
#<...# ...#o5#.#
#....# .©..#a#.#
#....# ....lH#.#
######....# ...Q8##.#
##....@....#
######..###..####....#
.©.....###..## #....#
...........## #.(.(#
...######### ###(##
### #c# #.# #.. #...


You could see a centaur.

Vanquished Creatures
  2 ice beasts (D:5)
  A centaur (D:5)
  3 ogres (D:4)
  Blork the orc (D:6)
  3 howler monkeys (D:5)
  A jelly (D:5)
  A hound (D:4)
  3 orc wizards (D:3)
  2 centaur skeletons
  Jessica (D:3)
  3 worker ants
  3 hound skeletons
  Robin (D:4)
  6 adders
  2 gnolls (D:1)
  A shadow imp (D:5)
  A worm (D:3)
  4 dart slugs
  3 leopard geckos
  5 orcs
  7 giant cockroaches
  17 goblins
  5 hobgoblins
  5 jackals
  6 bats
  5 frilled lizards
  A kobold (D:1)
  6 rats
99 creatures vanquished.

Notes
Turn   | Place    | Note
-------+----------+-------------------------------------------
     0 | D:1      | MalarOregon the Merfolk Ice Elementalist began the quest
                  | for the Orb.
     0 | D:1      | Reached XP level 1. HP: 13/13 MP: 3/3
   286 | D:1      | Reached XP level 2. HP: 6/19 MP: 0/5
   959 | D:1      | Reached XP level 3. HP: 24/24 MP: 4/6
  1642 | D:2      | Reached skill level 4 in Ice Magic
  2003 | D:3      | Reached XP level 4. HP: 30/30 MP: 6/8
  2040 | D:3      | Noticed Jessica
  2050 | D:3      | Killed Jessica
  2188 | D:3      | Learned a level 2 spell: Throw Frost
  2325 | D:3      | Reached skill level 1 in Conjurations
  2325 | D:3      | Reached XP level 5. HP: 32/35 MP: 9/9
  2700 | D:3      | Found an ancient bone altar of Kikubaaqudgha.
  2745 | D:3      | Became a worshipper of Kikubaaqudgha
  2847 | D:3      | Reached skill level 5 in Ice Magic
  2847 | D:3      | Reached XP level 6. HP: 20/41 MP: 11/11
  2913 | D:3      | Found a stormy altar of Qazlal.
  3277 | D:4      | Learned a level 4 spell: Throw Icicle
  3282 | D:4      | Learned a level 4 spell: Summon Ice Beast
  3297 | D:4      | Reached skill level 1 in Necromancy
  3486 | D:4      | Reached XP level 7. HP: 46/46 MP: 0/13
  3858 | D:4      | Identified the +1 helmet "Ecidoma" {rN+ rCorr Stlth+}
  3858 | D:4      | Noticed Robin
  3895 | D:4      | Killed Robin
  4056 | D:4      | Got a translucent leather armour
  4174 | D:4      | Identified the cursed +1 leather armour of Midnight {+Blink
                  | Str+5 Slay-5} (You found it on level 4 of the Dungeon)
  4295 | D:5      | Entered Level 5 of the Dungeon
  4331 | D:4      | Reached * piety under Kikubaaqudgha
  4331 | D:4      | Identified Kikubaaqudgha's Tome of Stolen Souls
                  | (Kikubaaqudgha gifted it to you on level 4 of the Dungeon)
  4331 | D:4      | Received a gift from Kikubaaqudgha
  4483 | D:5      | Learned a level 1 spell: Pain
  4589 | D:5      | Reached skill level 6 in Ice Magic
  4768 | D:5      | Reached XP level 8. HP: 47/52 MP: 15/15
  4810 | D:5      | Found a glowing golden altar of the Shining One.
  5045 | D:5      | Reached skill level 5 in Spellcasting
  5577 | D:6      | Noticed a tengu warrior
  5578 | D:6      | Found a white marble altar of Elyvilon.
  5578 | D:6      | Found a transporter.
  5583 | D:6      | Noticed a hippogriff
  5591 | D:6      | Found a transporter.
  5624 | D:6      | Noticed Blork the orc
  5633 | D:6      | Killed Blork the orc
  5700 | D:6      | Shot with an arrow by a centaur

Skill      XL: |  1  2  3  4  5  6  7  8 |
---------------+-------------------------+-----
Dodging        | 3 |  3.1
Stealth        | 3 |  3.0
Ice Magic      | 4 5 6 |  6.0
Spellcasting   | 3 4 5 |  5.3
Conjurations   | 1 2 3 |  3.8
Necromancy     | 1 2 3 |  3.2
Shields        | |  0.6

Action                   |  1- 3 |  4- 6 |  7- 9 || total
-------------------------+-------+-------+-------++-------
Melee: Dagger            |    15 |    65 |   124 ||   204
 Cast: Freeze            |    45 |    57 |    34 ||   136
       Throw Frost       |       |    15 |    15 ||    30
       Pain              |       |       |    11 ||    11
       Throw Icicle      |       |       |     8 ||     8
  Use: Scroll            |     9 |     3 |     3 ||    15
 Stab: Sleeping          |     7 |       |     3 ||    10
  Eat: Chunk             |     4 |     5 |     9 ||    18
Armor: Robe              |    11 |    23 |    56 ||    90
Dodge: Dodged            |    34 |    60 |    99 ||   193
